 Dungeon Crawl Stone Soup version 0.19.0 (webtiles) character file.

382 Daunt the Cudgeler (level 6, -2/59 HPs)
             Began as an Ogre Warper on Nov 1, 2016.
             Was an Elder of Jiyva.
             Slain by a mummy (6 damage)
             ... in an ossuary.
             The game lasted 00:32:10 (5430 turns).

Daunt the Cudgeler (Ogre Warper)                    Turns: 5430, Time: 00:32:11

Health: -2/59      AC:  6    Str: 14    XL:     6   Next: 76%
Magic:  7/10       EV: 10    Int: 15    God:    Jiyva [****..]
Gold:   104        SH:  0    Dex: 11    Spells: 2 memorised, 7 levels left

rFire  . . .     SeeInvis .     a - +1 mace
rCold  . . .     Gourm    .     b - +0 robe
rNeg   . . .     Faith    .     (no shield)
rPois  .         Spirit   .     (helmet restricted)
rElec  .         Reflect  .     H - +2 cloak
rCorr  +         Harm     .     (gloves unavailable)
MR     .....                    (boots unavailable)
Stlth  +.........               (no amulet)
                                (no ring)
                                (no ring)

@: very slightly contaminated
A: unfitting armour, deterioration 1, tough skin 1
a: Request Jelly, Slimify, Renounce Religion


You were in an ossuary.
You worshipped Jiyva.
Jiyva was greatly pleased with you.
You were completely stuffed.

You visited 1 branch of the dungeon, and saw 5 of its levels.
You also visited: Ossuary.

You collected 104 gold pieces.

Inventory:

Hand Weapons
 a - a +1 mace (weapon)
Missiles
 e - 24 bolts
 l - 137 stones
 u - 7 tomahawks (quivered)
 v - 8 javelins
 E - 12 poisoned needles
Armour
 b - a +0 robe (worn)
 H - a +2 cloak (worn)
Jewellery
 A - an uncursed ring of loudness
Wands
 n - a wand of lightning (8/15)
 x - a wand of enslavement (11/24)
Scrolls
 d - a scroll of blinking
 g - a scroll of teleportation
 j - a scroll of identify
 m - 2 scrolls of enchant weapon
Potions
 i - 4 potions of cure mutation
 p - a potion of berserk rage {unknown}
 q - a potion of haste {unknown}
 t - a potion of agility {unknown}
 B - a potion of degeneration {unknown}
Books
 c - a book of Spatial Translocations

   Spells                             Type                      Level
   a - Blink                          Translocation                2
   b - Shroud of Golubria             Charms/Translocation         2
   c - Lesser Beckoning               Translocation                3
   d - Portal Projectile              Translocation                3
   e - Teleport Other                 Translocation                3
   f - Passage of Golubria            Translocation                4
Comestibles
 f - 4 bread rations
 h - 4 chunks of flesh
 k - 4 meat rations


   Skills:
 - Level 2.6 Fighting
 - Level 5.2 Maces & Flails
 - Level 1.0 Throwing
 - Level 2.1 Dodging
 - Level 3.1 Spellcasting
 + Level 4.6 Translocations


You had 7 spell levels left.
You knew the following spells:

 Your Spells              Type           Power        Failure   Level  Hunger
a - Shroud of Golubria    Chrm/Tloc      #.........   12%         2    ##.....
b - Blink                 Tloc           N/A          6%          2    ##.....


Dungeon Overview and Level Annotations

Branches:
Dungeon (5/15)
 Temple: D:4-7

Altars:
Elyvilon
Kikubaaqudgha
Nemelex Xobeh
Qazlal
Trog
Vehumet
Jiyva


Innate Abilities, Weirdness & Mutations

You are too large for most types of armour.
You have tough skin. (AC +1)
Your body sometimes deteriorates upon taking damage.


Message History

The mummy barely misses you.
You hit the mummy but do no damage.
The mummy is heavily damaged.
The mummy hits you!
* * * LOW HITPOINT WARNING * * *
You are too injured to fight recklessly!
You hit the mummy.
The mummy is heavily damaged.
Your shroud begins to fray at the edges.
You hit the mummy but do no damage.
The mummy is heavily damaged.
The mummy hits you.
* * * LOW HITPOINT WARNING * * *
Your shroud falls apart!
Casting: Shroud of Golubria
Confirm with . or Enter, or press ? or * to list all spells.
You miscast Shroud of Golubria.
You are very lightly contaminated with residual magic.
Nothing appears to happen.
The mummy hits you.
You die...

#....#
#....#
#....#
#....#
#....#
#....#
#.M..#
#.@∩.#
######


You could see a mummy.

Vanquished Creatures
  A crimson imp (D:5)
  A hound (D:5)
  2 orc priests
  An orc wizard (D:5)
  A centaur skeleton (D:5)
  Jessica (D:3)
  6 adders
  4 worms
  4 dart slugs
  A leopard gecko (D:2)
  6 orcs (D:5)
  3 bats
  6 giant cockroaches
  A gnoll zombie (Ossuary)
  7 goblins
  9 hobgoblins
  4 jackals (D:1)
  3 quokkas
  4 frilled lizards
  A hobgoblin zombie (Ossuary)
  5 kobolds
  2 orc zombies (Ossuary)
  7 rats
80 creatures vanquished.

Vanquished Creatures (others)
  A centaur (D:4)
  A howler monkey (D:4)
  3 jellies
  An orc wizard (D:4)
  An orc priest (D:4)
  3 worker ants
  A hound skeleton (D:5)
  A worker ant zombie (D:4)
  An adder (D:4)
  An adder skeleton (D:4)
  An adder zombie (D:5)
  A worm (D:5)
  A dart slug (D:4)
  8 orcs
  A ball python (D:3)
  A giant cockroach (D:5)
  A goblin (D:3)
  A quokka (D:3)
  2 frilled lizards (D:4)
  A hobgoblin zombie (Ossuary)
32 creatures vanquished.

Grand Total: 112 creatures vanquished

Notes
Turn   | Place    | Note
-------+----------+-------------------------------------------
     0 | D:1      | Daunt the Ogre Warper began the quest for the Orb.
     0 | D:1      | Reached XP level 1. HP: 22/22 MP: 3/3
    34 | D:1      | Reached skill level 3 in Maces & Flails
   118 | D:1      | Reached XP level 2. HP: 29/29 MP: 5/5
   205 | D:1      | Learned a level 2 spell: Shroud of Golubria
   218 | D:1      | Reached skill level 4 in Maces & Flails
   387 | D:1      | Reached XP level 3. HP: 11/36 MP: 3/6
  1159 | D:2      | Reached skill level 5 in Maces & Flails
  1288 | D:2      | Reached XP level 4. HP: 30/44 MP: 3/8
  1617 | D:2      | You fall through a shaft!
  1617 | D:3      | Noticed Jessica
  1628 | D:3      | Killed Jessica
  2251 | D:2      | Reached XP level 5. HP: 36/50 MP: 7/9
  2550 | D:2      | Found a white marble altar of Elyvilon.
  2553 | D:2      | Found a stormy altar of Qazlal.
  2556 | D:2      | Found an ancient bone altar of Kikubaaqudgha.
  2880 | D:3      | Found a faded altar of an unknown god.
  2880 | D:3      | Found a faded altar of an unknown god.
  2886 | D:3      | Found a sparkling altar of Nemelex Xobeh.
  2888 | D:3      | Found a faded altar of an unknown god.
  2892 | D:3      | Became a worshipper of Jiyva Jythrum the Shapeless
  2892 | D:3      | Reached * piety under Jiyva
  2896 | D:3      | Found a faded altar of an unknown god.
  3140 | D:3      | Found a bloodstained altar of Trog.
  3140 | D:3      | Found a radiant altar of Vehumet.
  3462 | D:2      | Reached ** piety under Jiyva
  3711 | D:4      | Reached *** piety under Jiyva
  3730 | D:4      | Gained mutation: You passively map a small area around you. [Jiyva's grace]
  3823 | D:4      | Found a runed door.
  3899 | D:4      | Reached **** piety under Jiyva
  3910 | D:4      | HP: 2/50 [worker ant (6)]
  4620 | D:4      | Killed a centaur
  4671 | D:4      | Noticed Crazy Yiuf
  4675 | D:4      | Slimified Crazy Yiuf
  4675 | D:4      | Noticed Crazy Yiuf
  4675 | D:4      | Crazy Yiuf changed into Crazy Yiuf the ooze
  4679 | D:4      | Lost mutation: You passively map a small area around you. [Jiyva's grace]
  4735 | D:5      | Entered Level 5 of the Dungeon
  4838 | D:5      | Learned a level 2 spell: Blink
  5030 | D:5      | Reached XP level 6. HP: 34/59 MP: 2/10
  5096 | D:5      | HP: 2/59 [poisoned by a worker ant]
  5296 | D:5      | HP: 2/59 [orc priest/divine providence (15)]
  5298 | D:5      | Found a sand-covered staircase.
  5343 | D:5      | HP: 2/59 [hound (2)]
  5355 | Ossuary  | Entered an ossuary
  5394 | Ossuary  | Gained mutation: Your body sometimes deteriorates upon taking damage. [Jiyva's grace]
  5430 | Ossuary  | Slain by a mummy

Skill      XL: |  1  2  3  4  5  6 |
---------------+-------------------+-----
Maces & Flails | 3 4 5 |  5.2
Spellcasting   | 3 |  3.1
Translocations | 3 4 |  4.6
Fighting       | |  2.6
Throwing       | |  1.0
Dodging        | |  2.1

Action                   |  1- 3 |  4- 6 || total
-------------------------+-------+-------++-------
Melee: Mace              |   123 |   287 ||   410
Throw: Stone             |       |     4 ||     4
       Tomahawk          |       |    11 ||    11
 Cast: Shroud of Golubri |     5 |    28 ||    33
Invok: Slimify           |       |     2 ||     2
       Request Jelly     |       |     1 ||     1
Evoke: Wand              |       |     1 ||     1
  Use: Scroll            |       |    10 ||    10
       Potion            |       |     3 ||     3
 Stab: Distracted        |       |     1 ||     1
  Eat: Chunk             |     2 |     4 ||     6
       Bread ration      |       |     1 ||     1
Armor: Robe              |    27 |    76 ||   103
Dodge: Dodged            |    75 |   182 ||   257
